 Dungeon Crawl Stone Soup version 0.31.0-12-g77e489cdc1 (webtiles) character file.

Game seed: 1275275186747619858

60637 Destinykillz the Grappler (level 14, -3/143 HPs)
             Began as a Troll Fighter on Feb 22, 2024.
             Was an Initiate of Gozag.
             Slain by a death yak (21 damage)
             ... on level 4 of the Lair of Beasts on Feb 23, 2024.
             The game lasted 00:49:55 (19461 turns).

Destinykillz the Grappler (Troll Fighter)          Turns: 19461, Time: 00:49:55

Health: -3/143     AC:  7    Str: 27    XL:     14   Next: 57%
Magic:  24/24      EV: 11    Int:  8    God:    Gozag
Gold:   1116       SH: 13    Dex: 15    Spells: 5/15 levels left

rFire   . .          .
                       - Unarmed
rCold   + + +        R - +2 kite shield {rC+}
rNeg    . . .        N - +0 steam dragon scales
rPois   .            (helmet currently unavailable)
rElec   .            L - melded scarf {shadows}
rCorr   .            (gloves unavailable)
SInv    .            (boots unavailable)
Will    +....        y - amulet of the acrobat
Stlth   +            g - ring "Hehay" {Wiz ^Drain rC++ MP+9}
HPRegen 1.23/turn    O - +6 ring of dexterity
MPRegen 0.19/turn

%: acrobat, wizardry (x1)
@: beast-form, gold aura
A: beast (slay +4), large, unfitting armour, claws 3, regeneration 1, shaggy fur
1, tough skin 1
a: Begin Untransformation, Renounce Religion, Potion Petition, Call Merchant,
Bribe Branch


You were on level 4 of the Lair of Beasts.
You worshipped Gozag.
Gozag was most pleased with you.
You were a hulking beast.
You visited 4 branches of the dungeon, and saw 22 of its levels.
You also visited: Ice Cave.

You collected 5177 gold pieces.
You spent 1057 gold pieces at shops.
You paid 3004 gold pieces to Gozag.

Inventory:

Hand Weapons
 v - a +4 dagger of venom
Missiles
 t - 2 throwing nets
 H - 6 silver javelins
 T - 10 large rocks (quivered)
Armour
 I - a +2 robe of positive energy
 L - a scarf of shadows (melded)
 N - +0 steam dragon scales (worn)
 R - a +2 kite shield of cold resistance (worn)
Jewellery
 d - a +6 ring of strength
 g - the ring "Hehay" (left claw) {Wiz ^Drain rC++ MP+9}
   (You found it on level 1 of the Lair of Beasts)

   [ring of wizardry]

   Wiz:       It improves your spell success rate.
   rC++:      It greatly protects you from cold.
   MP+9:      It affects your magic capacity (+9).
   ^Drain:    It drains your maximum health when unequipped.
 x - a ring of positive energy
 y - an amulet of the acrobat (around neck)
 F - a +4 ring of protection
 O - a +6 ring of dexterity (right claw)
 Q - a ring of fire
 W - the ring of Buozaung {rF+ Str+2}
   (You bought it in a shop on level 15 of the Dungeon)

   [ring of protection from fire]

   Str+2:     It affects your strength (+2).
   rF+:       It protects you from fire.
Talismans
 A - a beast talisman (active)
Wands
 h - a wand of flame (33)
 j - a wand of light (3)
 M - a wand of iceblast (3)
 V - a wand of paralysis (11)
 Y - a wand of mindburst (21)
Scrolls
 a - a scroll of identify
 e - 2 scrolls of fog
 l - 13 scrolls of teleportation
 q - 3 scrolls of revelation
 z - a scroll of fear
 C - 5 scrolls of amnesia
 G - 3 scrolls of enchant weapon
 K - a scroll of blinking
 U - 3 scrolls of brand weapon
Potions
 b - a potion of mutation
 c - 5 potions of might
 f - 4 potions of lignification
 m - 3 potions of invisibility
 o - a potion of ambrosia
 r - 4 potions of haste
 s - 3 potions of heal wounds
 u - 2 potions of berserk rage
 w - 2 potions of cancellation
 B - 4 potions of enlightenment
 D - 5 potions of brilliance
 J - a potion of curing
 S - 7 potions of magic
 X - 2 potions of attraction
 Z - a potion of resistance
Miscellaneous
 E - a phantom mirror
 P - a phial of floods


   Skills:
 + Level 10.2 Fighting
 + Level 5.4 Dodging
 - Level 10.0 Shields
 + Level 14.7 Unarmed Combat
 + Level 1.3 Spellcasting
 * Level 2.7 Conjurations
 * Level 5.0 Ice Magic
 * Level 4.8 Air Magic
 - Level 4.0 Alchemy
 - Level 7.0 Shapeshifting


You had 5 spell levels left.
You knew the following spells:

 Your Spells              Type           Power      Damage    Failure   Level
a - Mercury Vapours       Alch/Air       14%        N/A       6%          2
b - Mephitic Cloud        Conj/Alch/Air  6%         N/A       16%         3
c - Freezing Cloud        Conj/Ice/Air   3%         6-21      73%         5

Your spell library contained the following spells:

 Spells                   Type           Power      Damage    Failure   Level
 Freeze                   Ice            32%        1d5       3%          1
 Sting                    Conj/Alch      20%        1d4       6%          1
 Magic Dart               Conj           16%        1d3       9%          1
 Frozen Ramparts          Ice            16%        1d3       10%         3
 Searing Ray              Conj           8%         2d4       12%         2
 Hailstorm                Conj/Ice       6%         3d5       16%         3
 Blink                    Tloc           0%         N/A       34%         2
 Call Imp                 Summ           0%         N/A       34%         2
 Jinxbite                 Hex            0%         N/A       34%         2
 Sublimation of Blood     Necr           0%         N/A       34%         2
 Olgreb's Toxic Radiance  Alch           6%         N/A       41%         4
 Fulminant Prism          Conj/Alch      2%         3d5       50%         4
 Vhi's Electric Charge    Tloc/Air       8%         N/A       63%         4
 Arcjolt                  Conj/Air       3%         1d13      78%         5
 Yara's Violent Unravell  Hex/Alch       1%         3d3       95%         5
 Borgnjor's Vile Clutch   Necr/Erth      0%         N/A       99%         5
 Death Channel            Necr           0%         N/A       100%        6
 Enfeeble                 Hex            0%         N/A       100%        7
 Summon Hydra             Summ           0%         N/A       100%        7
 Maxwell's Capacitive Co  Air            4%         ∞         100%        8
 Animate Dead             Necr           Unusable   N/A       N/A         4

Dungeon Overview and Level Annotations

Branches:
Dungeon (15/15)            Temple (1/1) D:4            Lair (5/5) D:8
  Swamp (0/4) Lair:3        Snake (0/4) Lair:3        Slime (0/5) Lair:5
    Orc (1/2) D:9          Vaults (0/5) D:14         Depths (0/4) D:15
  IceCv (visited)

Altars:
Ashenzari
Cheibriados
Dithmenos
Elyvilon
Fedhas
Gozag
Hepliaklqana
Kikubaaqudgha
Makhleb
Nemelex Xobeh
Okawaru
Qazlal
Ru
Sif Muna
Trog
Uskayaw
Vehumet
Wu Jian
Xom
Yredelemnul
Zin
The Shining One

Shops:
D:1 ***!(   D:15 =

Portals:
Trove: D:11 (give 18 potions of curing)

Annotations:
Lair:5 exclusions: oklob plant and 1 more exclusion


Innate Abilities, Weirdness & Mutations

You are a hulking beast.
Your limbs bulge with bestial killing power. (Slay +4)
You are too large for most types of armour.
You have claws for hands.
Your natural rate of healing is unusually fast.
You are covered in fur. (AC +1)
You have tough skin. (AC +1)


Message History

The death yak gores you!!
You claw the death yak!
The death yak is severely wounded.
You block the death yak's attack. x2
You barely miss the death yak.
The death yak is severely wounded.
The death yak gores you but does no damage.
You block the death yak's attack.
You scratch the death yak but do no damage.
The death yak is severely wounded.
The death yak gores you! x2
You are too injured to fight recklessly!
You are too injured to fight recklessly!
You are too injured to fight recklessly!
You scratch the death yak but do no damage.
The death yak is severely wounded.
You claw the death yak!
The death yak is severely wounded.
The death yak gores you!!
* * * LOW HITPOINT WARNING * * *
The death yak gores you!
* * * LOW HITPOINT WARNING * * *
You mangle the death yak!!
You kill the death yak!
The death yak closely misses you.
Your Ice Magic skill increases to level 5!
You scratch the death yak.
The death yak is lightly wounded.
The death yak gores you!
* * * LOW HITPOINT WARNING * * *
You claw the death yak!
The death yak is moderately wounded.
You block the death yak's attack.
You scratch the death yak.
The death yak is moderately wounded.
You mangle the death yak!!
The death yak is heavily wounded.
The death yak gores you!!
You die...
Your body crumbles into a pile of gold.

##....#.#P.............
#P.....................
##...............#.#.##
#.......>.........#####
#......................
##.....................
#......................
#....$.................
##....hP...............
#....PPY.#......##.#...
#....#..###[....###....
##...##..#......#......
#........##............
##.......#......#.#.##.
#....#...#.........###
##...######............
#.....P..##............


You could see a death yak.

Vanquished Creatures
  Jorgrun (D:15)
  An ettin (D:15)
  Snorg (D:14)
  4 hydras
  6 centaur warriors
  Erica (Lair:2)
  5 two-headed ogres
  4 death yaks
  3 boulder beetles
  3 tengu warriors (D:15)
  2 skysharks (Lair:4)
  2 arcanists (D:14)
  2 bog bodies (IceCv)
  A deep troll (D:15)
  A lindwurm (Lair:3)
  2 necromancers (D:15)
  10 ugly things
  A salamander (shapeshifter) (D:14)
  3 cyclopes
  10 elephants (Lair:4)
  An ice statue (IceCv)
  3 torpor snails
  A black mamba (Lair:2)
  2 gargoyles
  2 unseen horrors
  Maggie (Lair:2)
  5 cane toads
  2 rime drakes (Lair:2)
  An ice devil (IceCv)
  9 komodo dragons
  A freezing wraith (D:14)
  3 anaconda simulacra (IceCv)
  5 trolls
  A polar bear (Lair:1)
  A tyrant leech (Lair:3)
  9 blink frogs
  10 slime creatures
  A shadow (D:12)
  3 dire elephant simulacra (IceCv)
  29 yaks
  4 wyverns
  2 wraiths
  2 vampires
  3 basilisks
  A death yak simulacrum (IceCv)
  A warg (D:9)
  A warg (shapeshifter) (D:14)
  9 vampire mosquitoes
  A harpy simulacrum (IceCv)
  9 water moccasins
  An acid dragon (D:11)
  A swamp worm (Lair:3)
  2 ice beasts (D:6)
  6 orc warriors
  2 sky beasts
  A black bear (Lair:3)
  A laughing skull (D:14)
  5 wolves (Lair:4)
  A centaur (shapeshifter) (D:13)
  3 centaurs
  3 kobold brigands
  12 bullfrogs
  3 gnoll sergeants
  A cane toad simulacrum (IceCv)
  6 scorpions
  7 two-headed ogre simulacra (IceCv)
  5 necrophages (Lair:4)
  2 wights
  A hornet simulacrum (D:15)
  20 killer bees
  An elephant simulacrum (IceCv)
  2 howler monkeys
  2 electric eels (Lair:1)
  A quasit (D:7)
  4 hounds
  2 gnoll boudas
  8 orc priests
  4 iguanas
  10 orc wizards
  3 sleepcaps
  Natasha (thrice) (D:2)
  Terence (D:2)
  8 spriggan simulacra (IceCv)
  6 troll simulacra (IceCv)
  2 wolf simulacra (IceCv)
  21 gnolls
  9 adders
  2 naga simulacra (IceCv)
  6 white imps
  9 ufetubi (IceCv)
  4 dart slugs (D:1)
  2 ribbon worms
  36 orcs
  4 bats
  5 endoplasms
  3 giant cockroaches
  10 goblins
  9 hobgoblins
  3 jackals (D:1)
  19 kobolds
  3 quokkas
  7 ball pythons
  3 frilled lizards
  A goblin skeleton (D:7)
  A goblin zombie (D:7)
  4 hobgoblin zombies (D:7)
  An orc skeleton (D:7)
  9 rats
497 creatures vanquished.

Notes
Turn   | Place    | Note
-------+----------+-------------------------------------------
     0 | D:1      | Destinykillz the Troll Fighter began the quest for the Orb.
     0 | D:1      | Reached XP level 1. HP: 22/22 MP: 0/0
    32 | D:1      | Found Zuilearph's General Store.
   161 | D:1      | Found Cerom's Assorted Antiques.
   252 | D:1      | Reached XP level 2. HP: 29/29 MP: 1/1
   334 | D:1      | You fall into a shaft and drop 1 floor!
   382 | D:2      | Reached XP level 3. HP: 35/36 MP: 2/2
   389 | D:2      | Noticed Terence
   398 | D:2      | Killed Terence
   399 | D:2      | Reached skill level 3 in Unarmed Combat
   569 | D:2      | Identified the ring "Ithramp" {Fly Int+3}
   635 | D:2      | Noticed Natasha
   643 | D:2      | Killed Natasha
   644 | D:2      | Reached XP level 4. HP: 37/44 MP: 3/3
   750 | D:2      | Noticed Natasha
   757 | D:2      | Killed Natasha
   758 | D:2      | Reached XP level 5. HP: 45/53 MP: 4/4
   898 | D:2      | Identified the +4 whip of Vylis {flame, rElec}
   922 | D:2      | Noticed Natasha
   932 | D:2      | Killed Natasha
  1057 | D:1      | Reached skill level 4 in Unarmed Combat
  1058 | D:1      | Found Ilaibuops's Antique Weapon Shoppe.
  1122 | D:1      | Found Jeedepn's Distillery.
  1128 | D:1      | Bought a potion of heal wounds for 70 gold pieces
  1357 | D:1      | Found Rualia's General Store.
  1701 | D:3      | Reached XP level 6. HP: 60/61 MP: 5/5
  1854 | D:3      | Found a stormy altar of Qazlal.
  2676 | D:4      | Found a staircase to the Ecumenical Temple.
  2703 | Temple   | Entered the Ecumenical Temple
  2726 | Temple   | Became a worshipper of Gozag Ym Sagoz the Greedy
  2815 | D:1      | Bought a scroll of identify for 24 gold pieces
  2825 | D:1      | Bought a murky cyan potion for 19 gold pieces
  2909 | D:4      | Reached skill level 1 in Shapeshifting
  2960 | D:4      | Found a shimmering blue altar of Sif Muna.
  3045 | D:4      | Reached XP level 7. HP: 48/67 MP: 6/6
  3079 | D:4      | Reached skill level 5 in Unarmed Combat
  3367 | D:5      | Entered Level 5 of the Dungeon
  3646 | D:5      | Found a blossoming altar of Fedhas.
  3941 | D:6      | Reached XP level 8. HP: 78/78 MP: 7/7
  4062 | D:6      | Reached skill level 6 in Unarmed Combat
  4243 | D:6      | Found an iron altar of Okawaru.
  4248 | D:6      | Found a sacrificial altar of Ru.
  4252 | D:6      | Found a glowing silver altar of Zin.
  4354 | D:6      | Found a hide-covered altar of Uskayaw.
  4374 | D:6      | Reached skill level 5 in Shields
  4724 | D:1      | Bought an embroidered robe for 81 gold pieces
  4724 | D:1      | Bought a scroll of identify for 44 gold pieces
  4724 | D:1      | Bought a scroll of identify for 44 gold pieces
  4764 | D:1      | Bought a potion of curing for 39 gold pieces
  4823 | D:1      | Bought a potion of heal wounds for 70 gold pieces
  4823 | D:1      | Bought 2 potions of might for 112 gold pieces
  4823 | D:1      | Bought a potion of curing for 42 gold pieces
  4823 | D:1      | Bought a potion of curing for 42 gold pieces
  5202 | D:7      | Found a glowing golden altar of the Shining One.
  5210 | D:7      | Reached XP level 9. HP: 83/85 MP: 8/8
  5306 | D:7      | Reached skill level 7 in Unarmed Combat
  5759 | D:7      | Reached skill level 5 in Shapeshifting
  5914 | D:7      | Reached skill level 5 in Fighting
  5914 | D:7      | Reached skill level 5 in Dodging
  6421 | D:8      | Reached skill level 8 in Unarmed Combat
  6630 | D:8      | Noticed a komodo dragon
  6653 | D:8      | Killed a komodo dragon
  6654 | D:8      | Reached XP level 10. HP: 66/96 MP: 9/9
  7030 | D:8      | Found a staircase to the Lair.
  7039 | D:8      | Reached skill level 9 in Unarmed Combat
  7443 | D:9      | Found a staircase to the Orcish Mines.
  7704 | D:9      | Noticed a two-headed ogre
  7713 | D:9      | Killed a two-headed ogre
  7714 | D:9      | Reached skill level 10 in Unarmed Combat
  7891 | D:9      | Reached XP level 11. HP: 91/107 MP: 10/10
  7922 | Orc:1    | Entered Level 1 of the Orcish Mines
  7956 | D:10     | Entered Level 10 of the Dungeon
  8232 | D:10     | Learned a level 2 spell: Mercury Vapours
  8236 | D:10     | Learned a level 3 spell: Mephitic Cloud
  8242 | D:10     | Learned a level 5 spell: Freezing Cloud
  8268 | D:10     | Identified the +1 longbow of Calculation {flame, Will++
                  | Str-5 Dex+3}
  8713 | D:11     | Found a portal to a secret trove of treasure.
  8799 | D:11     | Reached skill level 11 in Unarmed Combat
  9388 | D:12     | Reached skill level 1 in Ice Magic
  9395 | D:12     | Reached skill level 1 in Alchemy
  9476 | D:12     | Reached skill level 1 in Air Magic
  9743 | D:12     | Noticed a two-headed ogre
  9751 | D:12     | Killed a two-headed ogre
 10451 | D:12     | Reached XP level 12. HP: 66/118 MP: 11/11
 11269 | D:13     | Found a blossoming altar of Fedhas.
 11662 | D:14     | Noticed a boulder beetle
 11676 | D:14     | Killed a boulder beetle
 11720 | D:14     | Noticed a two-headed ogre
 11720 | D:14     | Noticed a centaur warrior
 11720 | D:14     | Noticed a boulder beetle
 11737 | D:14     | Killed a two-headed ogre
 11763 | D:14     | Reached skill level 12 in Unarmed Combat
 11763 | D:14     | Noticed a centaur warrior
 11770 | D:14     | Killed a centaur warrior
 11776 | D:14     | Killed a centaur warrior
 11780 | D:14     | Killed a boulder beetle
 11877 | D:14     | Found a radiant altar of Vehumet.
 12161 | D:14     | Noticed Snorg
 12203 | D:14     | Noticed a centaur warrior
 12212 | D:14     | Killed a centaur warrior
 12259 | D:14     | Killed Snorg
 12412 | D:14     | Noticed a six-headed hydra
 12420 | D:14     | Killed a six-headed hydra
 12605 | D:14     | Found a gate to the Vaults.
 12605 | D:14     | Noticed a two-headed ogre
 12605 | D:14     | Noticed a two-headed ogre
 12634 | D:14     | Killed a two-headed ogre
 12635 | D:14     | Reached XP level 13. HP: 80/127 MP: 12/12
 12793 | D:15     | Entered Level 15 of the Dungeon
 13046 | D:15     | Noticed an ettin
 13052 | D:15     | Reached skill level 10 in Shields
 13056 | D:15     | Killed an ettin
 13068 | D:15     | Reached skill level 13 in Unarmed Combat
 13148 | D:15     | Found a staircase to the Depths.
 13227 | D:15     | Noticed Jorgrun
 13243 | D:15     | Killed Jorgrun
 14033 | D:15     | Bought the ring of Buozaung {rF+ Str+2} for 470 gold pieces
 14160 | Lair:1   | Entered Level 1 of the Lair of Beasts
 14428 | Lair:1   | Identified the ring "Hehay" {Wiz ^Drain rC++ MP+9}
 15203 | Lair:2   | Reached skill level 14 in Unarmed Combat
 15210 | Lair:2   | Found a frozen archway.
 15216 | IceCv    | Entered an ice cave
 16300 | Lair:2   | Noticed Erica
 16320 | Lair:2   | Killed Erica
 16413 | Lair:2   | Noticed Maggie
 16423 | Lair:2   | Killed Maggie
 16521 | Lair:2   | Reached XP level 14. HP: 137/141 MP: 13/13
 17138 | Lair:2   | Reached skill level 10 in Fighting
 17358 | Lair:3   | Reached skill level 1 in Conjurations
 17447 | Lair:3   | Found a staircase to the Swamp.
 17528 | Lair:3   | Found a staircase to the Snake Pit.
 18486 | Lair:4   | Reached skill level 1 in Spellcasting
 19131 | Lair:5   | Entered Level 5 of the Lair of Beasts
 19415 | Lair:5   | Found a hazy altar of Hepliaklqana.
 19458 | Lair:4   | Reached skill level 5 in Ice Magic
 19461 | Lair:4   | Slain by a death yak

Illustrated notes

Levels and vault maps discovered:
D:1:      giann_horns, layout_basic, serial_shops, shop, shop,
          nicolae_shop_rolling_square, shop, shop, kennysheep_flooded_box,
          minmay_pentomino_w2
D:2:      layout_rooms, corner_web_ring, kennysheep_path_1,
          columned_hall_lemuel, uniq_natasha, uniq_terence
D:3:      layout_loops_corners, nicolae_qazlal_general_emergency
D:4:      layout_loops_ring, led_sif_book, minmay_temple_entry_ruins,
          minmay_crystal_water
D:5:      layout_cave_pools, mainiacjoe_overflow_six_doors_small
D:6:      layout_basic, mainiacjoe_overflow_catwalk,
          minmay_overflow_temple_star_quad
D:7:      layout_loops_ring, nicolae_tso_besieged_by_evil
D:8:      layout_basic, grunt_lair_entry_orc_guard_hut,
          dreamdust_mushroom_princess, minmay_misc_feat_hallway
D:9:      layout_roguey, david_orc_1_choice, minmay_joined_circles
D:10:     layout_rooms
D:11:     layout_basic, nicolae_trove_entry_isolated
D:12:     layout_gridville
D:13:     layout_stronghold, dk_noncrumbling_4, fedhas_altar_1
D:14:     layout_loops_ring, david_vaults_1, ebering_dispersal_statue_hall,
          minmay_ruined_shrine, uniq_snorg
D:15:     hangedman_depths_entry_civil_slaughter, layout_loops_corners,
          dreamdust_wishing_well, uniq_jorgrun
Temple:   minmay_temple_curvy_branch
Lair:1:   layout_gridlike, chequers_serial_rivers_small_b, serial_bayou_lake_a
Lair:2:   layout_hall_layers, portal_ice_cave_rime, serial_bayou_crossing,
          uniq_maggie, uniq_erica
Lair:3:   layout_big_grid, minmay_swamp_entry_worms, dummy_snake_entry
Lair:4:   layout_regular_city, roderic_carrion_pond
Lair:5:   evilmike_catoblepas_cave, layout_layer_cave, slime_entry_1,
          lemuel_oklob_altar, lemuel_fruit_fields
Orc:1:    layout_diamond_mine, serial_shops, shop, uniq_josephine

Skill      XL: |  1  2  3  4  5  6  7  8  9 10 11 12 13 14 |
---------------+-------------------------------------------+-----
Shields        | 3 4 5 7 8 9 10 | 10.0
Unarmed Combat | 3 4 5 6 8 10 11 12 14 | 14.7
Dodging        | 3 4 5 |  5.4
Fighting       | 3 4 5 6 7 8 9 10 | 10.2
Shapeshifting  | 1 2 4 6 7 |  7.0
Ice Magic      | 2 3 4 5 |  5.0
Alchemy        | 2 3 4 |  4.0
Air Magic      | 1 3 4 |  4.8
Conjurations   | 2 |  2.7
Spellcasting   | 1 |  1.3

Action                     |  1- 3 |  4- 6 |  7- 9 | 10-12 | 13-15 || total
---------------------------+-------+-------+-------+-------+-------++-------
  Melee: Unarmed           |    57 |   193 |   307 |   499 |   580 ||  1636
         Dagger            |       |       |       |     3 |    14 ||    17
  Throw: Javelin           |       |       |       |     2 |       ||     2
         Large rock        |       |       |       |     4 |       ||     4
 Invoke: Potion Petition   |       |       |     1 |     2 |     2 ||     5
         Call Merchant     |       |       |       |       |     1 ||     1
  Evoke: Wand              |       |       |       |       |    19 ||    19
    Use: Scroll            |       |     3 |    15 |     5 |    11 ||    34
         Potion            |       |       |     1 |       |     6 ||     7
   Stab: Invisible         |       |       |       |     2 |     3 ||     5
         Distracted        |       |       |       |     3 |     1 ||     4
         Paralysed         |       |       |       |       |     8 ||     8
 Armour: Robe              |    30 |    89 |   170 |   274 |   171 ||   734
         Steam dragon scal |       |       |       |       |   206 ||   206
  Dodge: Dodged            |    14 |    47 |   119 |   172 |   203 ||   555
  Block: Kite shield       |    19 |    48 |   141 |   270 |   354 ||   832
   Form: Beast             |       |     1 |       |     1 |       ||     2
                           |       |       |       |     1 |       ||     1
